 Dungeon Crawl Stone Soup version 0.21-a0-142-gdd972a7 (webtiles) character file.

197 Gorglomux the Conjurer (level 5, -6/41 HPs)
             Began as a Hill Orc Conjurer on July 23, 2017.
             Killed from afar by an orc wizard (9 damage)
             ... with a magic dart
             ... on level 3 of the Dungeon.
             The game lasted 00:06:11 (3433 turns).

Gorglomux the Conjurer (Hill Orc Conjurer)          Turns: 3433, Time: 00:06:12

Health: -6/41      AC:  3    Str: 12    XL:     5   Next: 75%
Magic:  1/7        EV: 12    Int: 15    God:
Gold:   137        SH:  0    Dex: 11    Spells: 4/7 levels left

rFire    . . .     SeeInvis .   h - +0 mace (holy)
rCold    . . .     Gourm    .   (no shield)
rNeg     . . .     Faith    .   a - +0 robe
rPois    .         Spirit   .   (no helmet)
rElec    .         Reflect  .   F - scarf {cloud immunity}
rCorr    .         Harm     .   n - +0 pair of gloves
MR       .....                  (no boots)
Stlth    ++........             (no amulet)
HPRegen  0.13/turn              (no ring)
MPRegen  0.10/turn              (no ring)

@: slowed, very slow
A: no striking features
a: no special abilities


You were on level 3 of the Dungeon.
You were not hungry.

You visited 1 branch of the dungeon, and saw 3 of its levels.

You collected 137 gold pieces.

Inventory:

Hand Weapons
 e - a +0 short sword
 h - a +0 mace of holy wrath (weapon)
Armour
 a - a +0 robe (worn)
 n - a +0 pair of gloves (worn)
 F - a scarf of cloud immunity (worn)
Scrolls
 d - a scroll of remove curse {unknown}
 g - 3 scrolls of magic mapping {unknown}
 j - a scroll of immolation {unknown}
 l - 2 scrolls of identify {unknown}
 A - a scroll of recharging {unknown}
 C - a scroll of teleportation {unknown}
 H - a scroll of random uselessness {unknown}
Potions
 D - a potion of might {unknown}
 G - a potion of curing {unknown}
Books
 b - a book of Conjurations

   Spells                             Type                      Level
   a - Magic Dart                     Conjuration                  1
   b - Searing Ray                    Conjuration                  2
   c - Dazzling Spray                 Conjuration/Hexes            3
   d - Fulminant Prism                Conjuration/Hexes            4
   e - Force Lance                    Conjuration/Translocation    4
   f - Iskenderun's Mystic Blast      Conjuration                  4
Comestibles
 c - a bread ration
 k - 2 royal jellies
 z - 3 meat rations
 E - 3 fruits
 I - a chunk of flesh


   Skills:
 - Level 2.1 Fighting
 - Level 1.5 Dodging
 - Level 1.5 Stealth
 - Level 1.5 Spellcasting
 + Level 6.4 Conjurations


You had 4 spell levels left.
You knew the following spells:

 Your Spells              Type           Power        Failure   Level  Hunger
a - Magic Dart            Conj           ###.         1%          1    ##.....
b - Searing Ray           Conj           ###...       2%          2    ###....


Dungeon Overview and Level Annotations

Branches:
Dungeon (3/15)

Altars:


Message History

The orc wizard is heavily wounded!
The orc wizard hits you with a dagger! The rat bites you!
The orc wizard gestures at you while chanting!
The magic dart hits butt!!! * * * don't die
* * * The rat barely misses you!
The orc wizard casts a spell at you!
The magic dart hits you!!! * * * don't die
* * *
Casting: Searing Ray
Confirm with ! or Enter, or press ? or * to list all spells!
Aiming: Searing Ray
Press: ? - help, Shift-Dir - straight line, f - orc butt
Aim: an orc wizard, wielding a dagger and wearing a robe (heavily wounded, fast)
The searing ray hits the orc wizard!
The orc wizard is almost dead! (Press ! to maintain the ray!)
The orc wizard butts at you and mumbles some strange words!
The magic dart hits you!!! rip

#.....#.###.#######...#
......................##
###.#.....###............
#.###...............###
#..####..####...#
#...)....# #...#
##.####.## #...# #o####.#
#...# #@#....#####...#
#r.............#
##.............
#..########.## #..# #..#
#..## #...# #.#.#


You could see an orc wizard and a rat.

Vanquished Creatures
  Terence (D:3)
  6 adders
  3 gnolls
  An ooze (D:1)
  A worm (D:3)
  3 dart slugs (D:1)
  A leopard gecko (D:1)
  2 orcs (D:3)
  8 bats
  A giant cockroach (D:1)
  6 goblins
  5 hobgoblins
  9 jackals
  11 kobolds
  A ball python (D:1)
  4 frilled lizards
  12 rats
75 creatures vanquished.

Notes
Turn   | Place    | Note
-------+----------+-------------------------------------------
     0 | D:1      | Gorglomux the Hill Orc Conjurer began the quest for the Orb.
     0 | D:1      | Reached XP level 1. HP: 14/14 MP: 3/3
    87 | D:1      | Reached XP level 2. HP: 9/24 MP: 0/4
   273 | D:1      | Learned a level 2 spell: Searing Ray
   684 | D:1      | Reached XP level 3. HP: 25/29 MP: 0/5
  1700 | D:1      | Reached skill level 5 in Conjurations
  1903 | D:1      | Reached XP level 4. HP: 29/36 MP: 6/6
  2348 | D:2      | Reached XP level 5. HP: 41/41 MP: 1/7
  2686 | D:2      | Reached skill level 6 in Conjurations
  3102 | D:3      | Noticed Terence
  3145 | D:3      | Killed Terence
  3433 | D:3      | Killed from afar by an orc wizard

Vault maps used:
D:1:      evilmike_arrival_rings, hangedman_decor_peaks_small, nrook_mini_vaults
D:2:      minmay_split_cup_small
D:3:      uniq_terence

Skill      XL: |  1  2  3  4  5 |
---------------+----------------+-----
Fighting       | 2 |  2.1
Conjurations   | 5 6 |  6.4
Dodging        | |  1.5
Stealth        | |  1.5
Spellcasting   | |  1.5

Action                   |  1- 3 |  4- 6 || total
-------------------------+-------+-------++-------
Melee: Unarmed           |     4 |       ||     4
       Short sword       |    28 |       ||    28
       Mace              |    29 |    86 ||   115
 Cast: Magic Dart        |    46 |    38 ||    84
       Searing Ray       |     3 |     8 ||    11
  Use: Potion            |       |     2 ||     2
 Stab: Sleeping          |       |     3 ||     3
       Invisible         |       |     1 ||     1
  Eat: Chunk             |     5 |     6 ||    11
Armor: Robe              |    11 |    19 ||    30
       Skin              |       |    20 ||    20
Dodge: Dodged            |    66 |    77 ||   143
